 Dungeon Crawl Stone Soup version 0.23-b1 (webtiles) character file.

Game seed: 6823788386889320056

4480 Kohma the Spear-Bearer (level 10, -11/74 HPs)
             Began as a Merfolk Gladiator on Jan 30, 2019.
             Was a Believer of Yredelemnul.
             Mangled by a five-headed hydra (12 damage)
             ... on level 9 of the Dungeon.
             The game lasted 00:28:45 (9708 turns).

Kohma the Spear-Bearer (Merfolk Gladiator)          Turns: 9708, Time: 00:28:47

Health: -11/74     AC: 12    Str: 15    XL:     10   Next: 38%
Magic:  11/11      EV: 18    Int: 11    God:    Yredelemnul [**....]
Gold:   310        SH:  5    Dex: 15    Spells: 6/9 levels left

rFire    + . .     SeeInvis .   A - +2 trident (venom)
rCold    . . .     Gourm    .   B - +0 buckler
rNeg     . . .     Faith    +   g - +3 leather armour {rF+}
rPois    .         Spirit   .   t - +0 helmet
rElec    .         Reflect  .   k - +2 cloak {MR+}
rCorr    .         Harm     .   l - +1 pair of gloves
MR       +....                  (no boots)
Stlth    +.........             v - amulet of faith
HPRegen  0.22/turn              (no ring)
MPRegen  0.12/turn              (no ring)

@: hasted, very quick
A: change form in water, swift swim, stealthy swim
a: Animate Remains, Recall Undead Slaves, Injury Mirror, Renounce Religion


You were on level 9 of the Dungeon.
You worshipped Yredelemnul.
Yredelemnul was pleased with you.
You were not hungry.

You visited 2 branches of the dungeon, and saw 10 of its levels.
You also visited: Ossuary.

You collected 552 gold pieces.
You spent 242 gold pieces at shops.

Inventory:

Hand Weapons
 a - a +1 trident
 x - a +4 halberd
 A - a +2 trident of venom (weapon)
Missiles
 d - 4 throwing nets (quivered)
 e - 299 stones
Armour
 g - a +3 leather armour of fire resistance (worn)
 k - a +2 cloak of magic resistance (worn)
 l - a +1 pair of gloves (worn)
 t - a +0 helmet (worn)
 B - a +0 buckler (worn)
Jewellery
 v - an amulet of faith (around neck)
Wands
 D - a wand of polymorph (6)
 F - a wand of acid (5)
 G - a wand of flame (12)
Scrolls
 b - a scroll of torment {unknown}
 h - 3 scrolls of immolation
 m - 3 scrolls of amnesia
 p - 9 scrolls of teleportation
 u - 5 scrolls of identify
 y - 3 scrolls of enchant armour {unknown}
Potions
 c - a potion of agility {unknown}
 i - 3 potions of haste
 j - 8 potions of flight
 n - a potion of degeneration {unknown}
 o - 7 potions of curing {unknown}
 q - 2 potions of berserk rage {unknown}
 r - a potion of lignification {unknown}
 s - 2 potions of magic {unknown}
 w - 3 potions of brilliance {unknown}
 z - a potion of invisibility {unknown}
 E - a potion of might {unknown}
Comestibles
 f - 19 rations
 C - 2 chunks of flesh


   Skills:
 - Level 5.2 Fighting
 - Level 14.0 Polearms
 - Level 2.0 Throwing
 - Level 1.0 Armour
 - Level 10.0 Dodging
 - Level 4.0 Shields
 - Level 2.0 Hexes
 - Level 5.0 Charms
 + Level 2.0 Invocations


You had 6 spell levels left.
You knew the following spells:

 Your Spells              Type           Power        Failure   Level  Hunger
a - Spectral Weapon       Hex/Chrm       #.......     30%         3    ####...

Your spell library contained the following spells:

 Spells                   Type           Power        Failure   Level  Hunger
 Infusion                 Chrm           ##..         5%          1    ##.....
 Song of Slaying          Chrm           ##......     9%          2    ###....
 Shroud of Golubria       Chrm/Tloc      #.........   24%         2    ###....
 Beastly Appendage        Tmut           #.....       41%         1    ##.....
 Regeneration             Chrm/Necr      #.........   43%         3    ####...
 Sticks to Snakes         Tmut           #.......     54%         2    ###....
 Spider Form              Tmut/Pois      #.........   78%         3    ####...
 Ice Form                 Ice/Tmut       #.......     99%         4    #####..
 Blade Hands              Tmut           #.........   100%        5    ######.


Dungeon Overview and Level Annotations

Branches:
Dungeon (9/15)             Temple (1/1) D:7            Lair (0/6) D:9
    Orc: D:9-12

Altars:
Ashenzari
Cheibriados
Dithmenos
Elyvilon
Fedhas
Gozag
Hepliaklqana
Kikubaaqudgha
Makhleb
Nemelex Xobeh
Okawaru
Qazlal
Ru
Sif Muna
Trog
Uskayaw
Vehumet
Wu Jian
Xom
Yredelemnul
Zin
The Shining One

Shops:
D:5 *   D:9 (*}

Annotations:
D:9 1 runed translucent door


Message History

The five-headed hydra bites you! The five-headed hydra misses you.
Okay, then.
You completely miss the five-headed hydra.
The five-headed hydra is heavily wounded.
You hit the five-headed hydra.
The five-headed hydra is heavily wounded.
The five-headed hydra bites you!
* * * LOW HITPOINT WARNING * * *
You block the five-headed hydra's attack.
The five-headed hydra bites you but does no damage.
The five-headed hydra misses you.
You block the five-headed hydra's attack.
You feel yourself speed up. The five-headed hydra bites you.
* * * LOW HITPOINT WARNING * * *
The five-headed hydra barely misses you.
The five-headed hydra misses you. The five-headed hydra bites you.
* * * LOW HITPOINT WARNING * * *
The five-headed hydra bites you!
You die...
Your body rises from the dead as a mindless zombie.

#.∩...)# #...#### #......#
#......### #......##.
#......##. #......##.
#......##.## #......##.@##
#......####D#
#.####.###.################
#†# #....T.D....W.........
#.# #§....................
#.# #.....................
#.# #.....................
#.# #...................÷.
#..........................


You could see a five-headed hydra.

Vanquished Creatures
  A hippogriff (D:9)
  2 wraiths
  Duvessa (D:7)
  An ice beast (D:9)
  2 black bears (D:6)
  A phantom (D:6)
  8 centaurs
  5 ogres
  A crocodile (D:7)
  6 bullfrogs
  A gnoll sergeant (D:8)
  Dowan (D:7)
  2 scorpions (D:8)
  5 killer bees (D:9)
  3 wights (D:5)
  A howler monkey (D:5)
  5 crimson imps
  2 centaur zombies (D:9)
  2 bullfrog zombies
  6 orc priests
  Crazy Yiuf (D:4)
  A bullfrog skeleton (D:4)
  4 hounds
  2 jellies
  8 orc wizards
  A centaur skeleton (D:8)
  An iguana (D:7)
  3 worker ants
  4 hound skeletons
  A mummy (Ossuary)
  A worker ant zombie (D:9)
  7 gnolls
  6 adders
  3 shadow imps
  An ooze (D:1)
  An adder zombie (D:5)
  A dart slug (D:1)
  2 leopard geckos (D:5)
  32 orcs
  5 giant cockroaches
  8 goblins
  6 hobgoblins
  13 jackals
  5 quokkas
  8 bats
  2 frilled lizards
  2 gnoll skeletons (Ossuary)
  A jackal zombie (D:6)
  6 kobolds
  7 kobold skeletons (Ossuary)
  16 orc skeletons (Ossuary)
  A quokka skeleton (D:8)
  10 rats
  A fungus (D:4)
227 creatures vanquished.

Notes
Turn   | Place    | Note
-------+----------+-------------------------------------------
     0 | D:1      | Kohma the Merfolk Gladiator began the quest for the Orb.
     0 | D:1      | Reached XP level 1. HP: 16/16 MP: 1/1
   226 | D:1      | Reached XP level 2. HP: 15/22 MP: 2/2
   234 | D:1      | Reached skill level 5 in Polearms
  1203 | D:2      | Reached XP level 3. HP: 27/27 MP: 3/3
  1478 | D:2      | Reached skill level 6 in Polearms
  1655 | D:2      | Reached XP level 4. HP: 33/33 MP: 4/4
  2066 | D:3      | Reached skill level 5 in Dodging
  2320 | D:3      | Reached skill level 7 in Polearms
  2466 | D:3      | Reached XP level 5. HP: 38/38 MP: 5/5
  3568 | D:4      | Found a runed translucent door.
  3569 | D:4      | Noticed Crazy Yiuf
  3582 | D:4      | Killed Crazy Yiuf
  3847 | D:4      | Found a burning altar of Makhleb.
  3850 | D:4      | Found an opulent altar of Gozag.
  3851 | D:4      | Found a deep blue altar of Sif Muna.
  4163 | D:5      | Entered Level 5 of the Dungeon
  4172 | D:5      | Noticed an ogre
  4180 | D:5      | Killed an ogre
  4180 | D:5      | Reached skill level 8 in Polearms
  4180 | D:5      | Reached XP level 6. HP: 19/44 MP: 6/6
  4412 | D:5      | Found a hide-covered altar of Uskayaw.
  4470 | D:5      | Reached skill level 9 in Polearms
  4602 | D:5      | Found Piazyafu's General Store.
  4605 | D:5      | Bought a scroll of identify for 22 gold pieces
  4689 | D:5      | Found a sand-covered staircase.
  4703 | Ossuary  | Entered an ossuary
  4703 | Ossuary  | Noticed a wraith
  4703 | Ossuary  | Noticed a wraith
  4703 | Ossuary  | Noticed a wraith
  4939 | Ossuary  | Noticed a wraith
  4975 | Ossuary  | Killed a wraith
  4975 | Ossuary  | Reached XP level 7. HP: 19/50 MP: 7/7
  5183 | D:5      | Reached skill level 10 in Polearms
  5409 | D:5      | Reached XP level 8. HP: 52/56 MP: 8/8
  5642 | D:6      | Reached skill level 11 in Polearms
  5947 | D:6      | Reached skill level 12 in Polearms
  6513 | D:6      | Reached skill level 13 in Polearms
  6554 | D:6      | Reached XP level 9. HP: 56/61 MP: 9/9
  7042 | D:7      | Noticed Duvessa
  7043 | D:7      | Noticed Dowan
  7247 | D:7      | Killed Duvessa
  7247 | D:7      | Reached skill level 14 in Polearms
  7247 | D:7      | Reached skill level 10 in Dodging
  7263 | D:7      | Killed Dowan
  7543 | D:7      | Learned a level 3 spell: Spectral Weapon
  7602 | D:7      | Reached skill level 1 in Armour
  7610 | D:7      | Found a staircase to the Ecumenical Temple.
  7616 | D:7      | Reached skill level 1 in Charms
  7629 | Temple   | Entered the Ecumenical Temple
  7671 | Temple   | Became a worshipper of Yredelemnul the Dark
  7782 | D:7      | Reached skill level 1 in Hexes
  8139 | D:8      | Found a glowing silver altar of Zin.
  8160 | D:8      | Reached * piety under Yredelemnul
  8196 | D:8      | Found a hazy altar of Hepliaklqana.
  8197 | D:8      | Found a bloodstained altar of Trog.
  8198 | D:8      | Found a shimmering altar of Xom.
  8198 | D:8      | Found a shadowy altar of Dithmenos.
  8236 | D:8      | Reached XP level 10. HP: 48/73 MP: 10/10
  8576 | D:8      | Reached skill level 1 in Shields
  8576 | D:8      | Reached skill level 5 in Charms
  9171 | D:9      | Reached skill level 5 in Fighting
  9223 | D:9      | Found a runed translucent gate.
  9252 | D:9      | Found Inygehem's Gadget Emporium.
  9272 | D:9      | Bought a wand of acid (7) for 220 gold pieces
  9320 | D:9      | Found a staircase to the Lair.
  9322 | D:9      | Found Dopudin's General Store.
  9337 | D:9      | Found Ominuo's Weapon Shoppe.
  9414 | D:9      | Reached skill level 1 in Invocations
  9577 | D:9      | Reached ** piety under Yredelemnul
  9635 | D:9      | Noticed a five-headed hydra
  9708 | D:9      | HP: 1/74 [five-headed hydra (5)]
  9708 | D:9      | Mangled by a five-headed hydra

Skill      XL: |  1  2  3  4  5  6  7  8  9 10 |
---------------+-------------------------------+-----
Polearms       | 5 6 7 8 9 10 13 14 | 14.0
Dodging        | 5 6 7 9 10 | 10.0
Armour         | 1 |  1.0
Fighting       | 4 5 |  5.2
Charms         | 4 5 |  5.0
Hexes          | 2 |  2.0
Shields        | 4 |  4.0
Invocations    | 2 |  2.0
Throwing       | |  2.0

Action                   |  1- 3 |  4- 6 |  7- 9 | 10-12 || total
-------------------------+-------+-------+-------+-------++-------
Melee: Trident           |    92 |   306 |   144 |    91 ||   633
       Halberd           |       |       |   216 |    73 ||   289
Throw: Throwing net      |       |     1 |       |       ||     1
Evoke: Wand              |       |       |       |     2 ||     2
  Use: Scroll            |       |    11 |     2 |       ||    13
       Potion            |       |       |       |     1 ||     1
 Stab: Sleeping          |     1 |     3 |     1 |       ||     5
  Eat: Chunk             |     2 |    10 |     8 |     5 ||    25
       Ration            |       |       |     1 |       ||     1
Armor: Leather armour    |    30 |    50 |    89 |    43 ||   212
Dodge: Dodged            |    66 |   154 |   297 |   120 ||   637
Block: Buckler           |       |       |       |    16 ||    16
